 Dungeon Crawl Stone Soup version 0.29-a0-1027-gcd8c55af63 (webtiles) character file.

Game seed: 12081258498101544951

16 ragingrage the Chopper (level 2, 0/24 HPs)
             Began as a Demonspawn Chaos Knight on Aug 13, 2022.
             Was a Plaything of Xom.
             Slain by Terence
             ... wielding a +4 flail of protection
              (3 damage)
             ... on level 2 of the Dungeon.
             The game lasted 00:00:46 (784 turns).

ragingrage the Chopper (Demonspawn Chaos Knight)     Turns: 784, Time: 00:00:47

Health: 0/24       AC:  5    Str: 12    XL:     2   Next: 41%
Magic:  2/2        EV: 11    Int: 13    God:    Xom [..*...]
Gold:   40         SH:  0    Dex: 12    Spells: 1/1 levels left

rFire   . . .      SeeInvis .   a - +0 hand axe (chaos)
rCold   . . .      Faith    .   (no shield)
rNeg    . . .      Spirit   .   b - +2 leather armour
rPois   .          Reflect  .   (no helmet)
rElec   .          Harm     .   (no cloak)
rCorr   .          Rampage  .   (no gloves)
Will    .....                   (no boots)
Stlth   +.........              (no amulet)
HPRegen 0.08/turn               (no ring)
MPRegen 0.08/turn               (no ring)

@: no status effects
A: hooves 1
a: Renounce Religion


You were on level 2 of the Dungeon.
You worshipped Xom.
You were a toy of Xom.
You visited 1 branch of the dungeon, and saw 2 of its levels.

You collected 40 gold pieces.

Inventory:

Hand Weapons
 a - a +0 hand axe of chaos (weapon)
Missiles
 h - a throwing net
Armour
 b - a +2 leather armour (worn)
Scrolls
 f - 2 scrolls of amnesia {unknown}
 i - a scroll of identify {unknown}
Potions
 d - a potion of brilliance {unknown}
 g - a potion of ambrosia {unknown}
Miscellaneous
 c - a piece from Xom's chessboard (14/15) (quivered)


   Skills:
 - Level 3.0 Fighting
 + Level 3.5 Axes
 - Level 1.7 Armour
 - Level 0.8 Dodging


You had one spell level left.
You didn't know any spells.
Your spell library was empty.

Dungeon Overview and Level Annotations

Branches:
Dungeon (2/15)

Altars:

Annotations:
D:2 Terence


Innate Abilities, Weirdness & Mutations

You have large cloven feet.


Message History

No target in view!
No target in view!
No target in view!
No target in view!
You see here a rat corpse.
There is a stone staircase leading down here.
Terence the Incautious comes into view.
He is wielding a +4 flail of protection.
Terence shouts!
Terence says, "Time to say good-bye..."
Terence is nearby!
Terence is nearby!
Terence is nearby!
Terence closely misses you.
You hit Terence but do no damage. You drain Terence.
You kick Terence, but do no damage.
Terence is lightly wounded.
Terence hits you with a +4 flail of protection.
You hit Terence but do no damage. You kick Terence.
Terence is moderately wounded.
Terence hits you with a +4 flail of protection.
Terence hits you but does no damage.
You completely miss Terence.
Terence is moderately wounded.
Terence barely misses you.
You hit Terence but do no damage.
Terence seems to grow stronger.
You punch Terence.
Terence is heavily wounded.
Terence hits you with a +4 flail of protection!
Ouch! That really hurt!
You die... "That's my toy, go get your own!"
Xom revives you!
Unknown command.
Unknown command.
Unknown command.
Terence screams, "I'm going to kill you!"
You make a move on Xom's chessboard...
Nothing appears to happen.
Terence hits you with a +4 flail of protection.
You die...
Xom bursts into laughter!

###
#.#######
#..@@...#
#.#####.#
#.# #>#
#.# #.#
#.# #†#
#.#


You could see Terence (strong, very drained).

Vanquished Creatures
  3 ball pythons
  2 endoplasms (D:1)
  2 giant cockroaches (D:1)
  2 hobgoblins (D:1)
  A kobold (D:1)
  2 bats (D:1)
  A frilled lizard (D:1)
  2 rats
15 creatures vanquished.

Notes
Turn   | Place    | Note
-------+----------+-------------------------------------------
     0 | D:1      | ragingrage the Demonspawn Chaos Knight began the quest for
                  | the Orb.
     0 | D:1      | Reached XP level 1. HP: 18/18 MP: 1/1
   140 | D:1      | Gained mutation: You have large cloven feet. [demonic
                  | ancestry]
   140 | D:1      | Reached XP level 2. HP: 24/24 MP: 2/2
   167 | D:1      | Found a faded altar of an unknown god.
   512 | D:1      | XOM: cloud trail
   775 | D:2      | Noticed Terence
   782 | D:2      | Xom revived you
   784 | D:2      | Slain by Terence

Illustrated notes

Levels and vault maps discovered:
D:1:      dpeg_arrival_tiny_g, layout_loops_ring,
          shapermc_ecumenical_altar_totnotflames, minmay_misc_feat_x
D:2:      layout_basic, serial_shops, nicolae_shop_crystal, basic_altar,
          uniq_jessica, uniq_terence

Skill      XL: |  1 |
---------------+----+-----
Axes           | 3 |  3.5
Fighting       | |  3.0
Armour         | |  1.7
Dodging        | |  0.8

Action                   || total
-------------------------++-------
Melee: Hand axe          ||    45
       Kick              ||     6
       Punch             ||     1
Evoke: Piece from Xom's  ||     1
  Use: Scroll            ||     1
Armor: Leather armour    ||    15
Dodge: Dodged            ||    37

Table legend: (Time is in decaauts)
 A = Elapsed time spent in this place.
 B = Non-inter-level travel time spent in this place.
 C = Inter-level travel time spent in this place.
 D = Time resting spent in this place.
 E = Time spent auto-exploring this place.
 F = Levels seen in this place.
 G = Mean time per level.
                   A        B        C        D        E       F      G
               +--------+--------+--------+--------+--------+-----+--------+
         Total |    790 |    770 |     20 |      0 |    655 |   2 |  395.0 |
       Dungeon |    790 |    770 |     20 |      0 |    655 |   2 |  395.0 |
               +--------+--------+--------+--------+--------+-----+--------+

Top non-repeatable levels by time:
     D:1: 671 daAuts
     D:2: 119 daAuts
